 Dungeon Crawl Stone Soup version 0.30-a0-748-ge6a52f7cba (webtiles) character file.

Game seed: 11048787515389020027

144 jimonade the Sneak (level 5, -2/35 HPs)
             Began as an Octopode Brigand on Feb 8, 2023.
             Slain by an orc
             ... wielding a +0 hand axe
              (6 damage)
             ... on level 3 of the Dungeon.
             The game lasted 00:03:22 (1899 turns).

jimonade the Sneak (Octopode Brigand)               Turns: 1899, Time: 00:03:23

Health: -2/35      AC:  1    Str: 11    XL:     5   Next: 27%
Magic:  5/5        EV: 13    Int: 13    God:
Gold:   61         SH:  0    Dex: 15    Spells: 4/4 levels left

rFire   . . .      SeeInvis .    a - +2 dagger
rCold   . . .      Faith    .    (no shield)
rNeg    . . .      Spirit   .    (helmet restricted)
rPois   .          Reflect  .    (no amulet)
rElec   .          Harm     .    (no ring)
rCorr   .          Rampage  .    (no ring)
Will    .....                    (no ring)
Stlth   +++++                    (no ring)
HPRegen 0.25/turn                (no ring)
MPRegen 0.09/turn                (no ring)
                                 (no ring)
                                 (no ring)

@: no status effects
A: almost no armour, amphibious, 8 rings, camouflage 1, gelatinous body 1,
(nimble swimmer 1), tentacles
a: no special abilities


You were on level 3 of the Dungeon.
You visited 1 branch of the dungeon, and saw 3 of its levels.

You collected 61 gold pieces.

Inventory:

Hand Weapons
 a - a +2 dagger (weapon)
Missiles
 b - 9 poisoned darts (quivered)
 c - 3 curare-tipped darts
Wands
 q - a wand of paralysis (1)
 r - a wand of digging (6)
Scrolls
 i - 2 scrolls of teleportation {unknown}
 j - 3 scrolls of identify {unknown}
 l - 2 scrolls of magic mapping {unknown}
 m - 2 scrolls of immolation {unknown}
 n - a scroll of noise {unknown}
 t - a scroll of enchant armour {unknown}
Potions
 d - a potion of degeneration {unknown}
 e - a potion of ambrosia {unknown}
 f - 2 potions of attraction {unknown}
 g - 2 potions of mutation {unknown}
 h - a potion of brilliance {unknown}
 k - a potion of haste {unknown}
 o - 2 potions of curing {unknown}
 p - 2 potions of lignification {unknown}
 s - a potion of cancellation {unknown}


   Skills:
 + Level 2.5 Fighting
 * Level 3.2 Short Blades
 + Level 2.0 Throwing
 + Level 1.5 Dodging
 + Level 7.4 Stealth


You had 4 spell levels left.
You didn't know any spells.
Your spell library contained the following spells:

 Spells                   Type           Power      Damage    Failure   Level
 Shock                    Conj/Air       0%         1d3       30%         1
 Swiftness                Air            0%         N/A       67%         3
 Airstrike                Air            0%         2d(0-16)  97%         4


Dungeon Overview and Level Annotations

Branches:
Dungeon (3/15)

Altars:

Shops:
D:3 [


Innate Abilities, Weirdness & Mutations

You cannot wear most types of armour.
You are amphibious.
You can wear up to eight rings at the same time.
Your skin changes colour to match your surroundings (Stealth+).
Your rubbery body absorbs attacks. (AC +1, EV +1)
((You are camouflaged when in or above water. (Stealth+)))
You have tentacles for arms and can constrict up to eight enemies at once.


Message History

The orc shouts!
You hear a shout!
An orc comes into view. It is wielding a +0 trident.
An orc comes into view. It is wielding a +0 hand axe.
The orc shouts!
The orc shouts!
You hit the orc. Your grab misses the orc. Your squeeze misses the orc.
The orc is moderately wounded.
The orc hits you with a +0 short sword.
You hit the orc. Your grab misses the orc.
You squeeze the orc, but do no damage.
The orc is heavily wounded.
The orc misses you.
You closely miss the orc. You grab the orc.
The orc is heavily wounded.
You constrict the orc, but do no damage.
The orc hits you but does no damage.
You hit the orc but do no damage.
The orc is heavily wounded.
You constrict the orc, but do no damage.
You barely miss the orc.
The orc is heavily wounded.
You constrict the orc. The orc closely misses you.
You hit the orc.
You kill the orc!
The orc misses you. The orc hits you with a +0 trident.
The orc hits you with a +0 flail!
Things that are here:
a +0 short sword; a +0 leather armour; an orc corpse You hit the orc but do no damage.
You grab the orc. You squeeze the orc.
You kill the orc!
The orc hits you with a +0 flail.
You barely miss the orc. Your grab misses the orc.
You squeeze the orc, but do no damage. The orc hits you with a +0 flail!
* * * LOW HITPOINT WARNING * * *
The orc hits you with a +0 hand axe.
* * * LOW HITPOINT WARNING * * *
You hit the orc. Your grab misses the orc.
The orc is lightly wounded.
The orc completely misses you. The orc hits you with a +0 hand axe.
You die...

#################
#.............@o#
#.#############o.....#
###.#### #####.#
.......# ###.##.#
#.##.# ###.##.#
..#.##.# #.#.##.#


You could see 2 orcs.

Vanquished Creatures
  Ijyb (D:3)
  3 gnolls (D:3)
  3 adders
  A worm (D:2)
  2 dart slugs (D:2)
  3 orcs (D:3)
  5 bats
  2 endoplasms
  2 giant cockroaches
  4 goblins
  3 hobgoblins
  3 jackals (D:1)
  4 kobolds
  4 quokkas
  5 ball pythons
  6 rats
51 creatures vanquished.

Notes
Turn   | Place    | Note
-------+----------+-------------------------------------------
     0 | D:1      | jimonade the Octopode Brigand began the quest for the Orb.
     0 | D:1      | Reached XP level 1. HP: 14/14 MP: 1/1
    31 | D:1      | Reached XP level 2. HP: 15/19 MP: 2/2
   534 | D:1      | Reached XP level 3. HP: 24/24 MP: 3/3
   571 | D:2      | Reached skill level 6 in Stealth
   652 | D:2      | Reached XP level 4. HP: 25/30 MP: 4/4
  1137 | D:3      | Noticed Ijyb
  1153 | D:3      | Killed Ijyb
  1154 | D:3      | Reached skill level 7 in Stealth
  1250 | D:3      | Found Baghaarch's Antique Armour Shop.
  1620 | D:3      | Reached XP level 5. HP: 30/35 MP: 5/5
  1899 | D:3      | Slain by an orc

Illustrated notes

Levels and vault maps discovered:
D:1:      dpeg_arrival_arbitrary_b, layout_rooms,
          amcnicky_mini_rare_corridor_liquid
D:2:      layout_rooms
D:3:      layout_loops_ring, serial_shops, shop_statue, uniq_ijyb

Skill      XL: |  1  2  3  4 |
---------------+-------------+-----
Stealth        | 6 7 |  7.4
Short Blades   | 3 |  3.2
Fighting       | |  2.5
Throwing       | |  2.0
Dodging        | |  1.5

Action                     |  1- 3 |  4- 6 || total
---------------------------+-------+-------++-------
  Melee: Dagger            |    58 |    49 ||   107
         Constrict         |    18 |     8 ||    26
         Tentacles         |    17 |     9 ||    26
  Throw: Dart              |       |     5 ||     5
   Stab: Sleeping          |     7 |    10 ||    17
         Distracted        |     2 |       ||     2
 Armour: Skin              |     8 |     1 ||     9
  Dodge: Dodged            |    30 |    17 ||    47

Table legend: (Time is in decaauts)
 A = Elapsed time spent in this place.
 B = Non-inter-level travel time spent in this place.
 C = Inter-level travel time spent in this place.
 D = Time resting spent in this place.
 E = Time spent auto-exploring this place.
 F = Levels seen in this place.
 G = Mean time per level.
                   A        B        C        D        E       F      G
               +--------+--------+--------+--------+--------+-----+--------+
         Total |   1884 |   1865 |     19 |      0 |   1315 |   3 |  628.0 |
       Dungeon |   1884 |   1865 |     19 |      0 |   1315 |   3 |  628.0 |
               +--------+--------+--------+--------+--------+-----+--------+

Top non-repeatable levels by time:
     D:3: 788 daAuts
     D:2: 555 daAuts
     D:1: 540 daAuts
